 Dungeon Crawl Stone Soup version 0.22.1-1-ga44c0e5 (webtiles) character file.

543 brandon the Conjurer (level 7, -1/36 HPs)
             Began as a Deep Elf Fire Elementalist on Oct 5, 2018.
             Slain by a fire bat (7 damage)
             ... on level 5 of the Dungeon.
             The game lasted 00:16:12 (5554 turns).

brandon the Conjurer (Deep Elf Fire Elementalist)   Turns: 5554, Time: 00:16:13

Health: -1/36      AC:  7    Str:  5    XL:     7   Next: 6%
Magic:  1/17       EV: 14    Int: 22    God:
Gold:   177        SH:  0    Dex: 15    Spells: 2/17 levels left

rFire    . . .     SeeInvis .   o - +0 spear
rCold    . . .     Gourm    .   (no shield)
rNeg     . . .     Faith    .   a - +0 robe
rPois    .         Spirit   .   (no helmet)
rElec    .         Reflect  .   l - +0 cloak
rCorr    .         Harm     .   r - +1 pair of gloves
MR       .....                  k - +1 pair of boots
Stlth    ++........             (no amulet)
HPRegen  0.12/turn              s - +1 ring of evasion
MPRegen  0.15/turn              (no ring)

@: very slightly contaminated
A: no striking features
a: no special abilities


You were on level 5 of the Dungeon.
You were not hungry.

You visited 1 branch of the dungeon, and saw 5 of its levels.
You also visited: Sewer.

You collected 177 gold pieces.

Inventory:

Hand Weapons
 o - a +0 spear (weapon)
Armour
 a - a +0 robe (worn)
 k - a +1 pair of boots (worn)
 l - a +0 cloak (worn)
 r - a +1 pair of gloves (worn)
Jewellery
 s - a +1 ring of evasion (left hand)
Wands
 p - a wand of polymorph (7)
Scrolls
 d - 2 scrolls of enchant weapon
 f - 2 scrolls of enchant armour
 i - 6 scrolls of remove curse
 j - a scroll of blinking {unknown}
 u - 3 scrolls of magic mapping
 v - a scroll of immolation {unknown}
 w - a scroll of identify
Potions
 b - 3 potions of invisibility {unknown}
 e - 4 potions of flight {unknown}
 g - 3 potions of haste {unknown}
 h - a potion of cancellation {unknown}
 m - 3 potions of magic {unknown}
 n - a potion of degeneration {unknown}
 q - 2 potions of curing {unknown}
 t - 4 potions of heal wounds
Comestibles
 c - 6 rations


   Skills:
 - Level 2.4 Dodging
 - Level 2.4 Stealth
 + Level 5.6 Spellcasting
 * Level 5.8 Conjurations
 + Level 5.2 Fire Magic


You had 2 spell levels left.
You knew the following spells:

 Your Spells              Type           Power        Failure   Level  Hunger
a - Flame Tongue          Conj/Fire      ####.        1%          1    None
b - Throw Flame           Conj/Fire      ####..       1%          2    None
c - Conjure Flame         Conj/Fire      ####....     3%          3    ##.....
d - Sticky Flame          Conj/Fire      ####....     10%         4    ####...
e - Fireball              Conj/Fire      ####......   26%         5    #####..

Your spell library contained the following spells:

 Spells                   Type           Power        Failure   Level  Hunger
 Inner Flame              Hex/Fire       ###.....     10%         3    ##.....


Dungeon Overview and Level Annotations

Branches:
Dungeon (5/15)
 Temple: D:4-7

Altars:
Makhleb
Nemelex Xobeh
Okawaru

Shops:
D:4 *


Message History

Aiming: Polymorph
Press: ? - help, Shift-Dir - straight line, f/p - centaur
Aim: a centaur (almost dead, chance to defeat MR: 46%)
The centaur evaporates and reforms as a fire bat!
The fire bat barely misses you. The jackal misses you.
The jackal barely misses you.
Evoke which item? (* to show all) (? for menu, Esc to quit)
Aiming: Polymorph
Press: ? - help, Shift-Dir - straight line, f/p - fire bat
Aim: a fire bat (moderately wounded, chance to defeat MR: 54%)
The fire bat resists with significant effort.
The fire bat misses you. The jackal barely misses you.
The fire bat barely misses you.
The fire bat bites you but does no damage.
The fire bat misses you.
There is an open door here.
The fire bat bites you.
* * * LOW HITPOINT WARNING * * *
You are engulfed in flames!
You die...

#....(≈≈≈≈≈.....#
##.....#.†.#..#####
#......†..........#
#.......)........##
#................#
#.....(...h......#
##########.###'###
...####b##....##
....#.@........+
.....'.........##
.....#.........#
.... #...##....+
### ##...#######
#....##....#
#..........#
#..........#
#..........#


You could see a fire bat and a jackal.

Vanquished Creatures
  A centaur (D:5)
  A big kobold (Sewer)
  A howler monkey (D:4)
  An orc priest (D:4)
  Jessica (D:3)
  2 iguanas
  2 hound skeletons (D:4)
  3 gnolls (D:2)
  6 adders
  2 river rats (Sewer)
  A shadow imp (D:5)
  An adder skeleton (D:4)
  A worm (D:2)
  2 dart slugs
  4 leopard geckos
  5 orcs
  7 giant cockroaches
  12 goblins
  9 hobgoblins
  9 jackals
  4 kobolds
  4 quokkas
  3 ball pythons
  7 bats
  7 frilled lizards
  11 rats
107 creatures vanquished.

Vanquished Creatures (others)
  A goblin (D:1)
  A kobold (D:1)
2 creatures vanquished.

Grand Total: 109 creatures vanquished

Notes
Turn   | Place    | Note
-------+----------+-------------------------------------------
     0 | D:1      | brandon the Deep Elf Fire Elementalist began the quest for
                  | the Orb.
     0 | D:1      | Reached XP level 1. HP: 10/10 MP: 6/6
   189 | D:1      | Reached XP level 2. HP: 15/15 MP: 6/8
   904 | D:2      | Reached XP level 3. HP: 14/19 MP: 1/10
   975 | D:2      | Learned a level 2 spell: Throw Flame
   979 | D:2      | Learned a level 3 spell: Inner Flame
  1231 | D:2      | Learned a level 3 spell: Conjure Flame
  1429 | D:2      | Reached XP level 4. HP: 24/24 MP: 7/11
  1709 | D:2      | Found a faded altar of an unknown god.
  2215 | D:1      | Learned a level 4 spell: Sticky Flame
  2492 | D:2      | Found a sparkling altar of Nemelex Xobeh.
  2597 | D:3      | Noticed Jessica
  2604 | D:3      | Killed Jessica
  2889 | D:3      | Reached XP level 5. HP: 28/28 MP: 5/13
  3745 | D:4      | Found an iron altar of Okawaru.
  3810 | D:4      | Found a burning altar of Makhleb.
  3918 | D:4      | Noticed an ogre
  3930 | D:4      | Found Ytraw's Assorted Antiques.
  4110 | D:4      | Reached XP level 6. HP: 32/32 MP: 9/15
  4355 | D:4      | Reached skill level 5 in Spellcasting
  4869 | D:5      | Entered Level 5 of the Dungeon
  4872 | D:5      | Reached skill level 5 in Conjurations
  4957 | D:5      | Reached skill level 5 in Fire Magic
  5064 | D:5      | Found a glowing drain.
  5073 | Sewer    | Entered a sewer
  5281 | Sewer    | Learned a level 5 spell: Fireball
  5365 | Sewer    | Reached XP level 7. HP: 35/36 MP: 2/17
  5490 | Sewer    | Found a white marble altar of Elyvilon.
  5549 | D:5      | Noticed a fire bat
  5549 | D:5      | a centaur changed into a fire bat
  5554 | D:5      | Slain by a fire bat

Skill      XL: |  1  2  3  4  5  6 |
---------------+-------------------+-----
Conjurations   | 2 3 4 5 |  5.8
Fire Magic     | 4 5 |  5.2
Spellcasting   | 4 5 |  5.6
Dodging        | |  2.4
Stealth        | |  2.4

Action                   |  1- 3 |  4- 6 |  7- 9 || total
-------------------------+-------+-------+-------++-------
Melee: Spear             |     1 |     7 |     5 ||    13
 Cast: Flame Tongue      |    43 |    66 |     2 ||   111
       Throw Flame       |    10 |    78 |       ||    88
       Inner Flame       |     1 |     2 |       ||     3
       Sticky Flame      |       |     5 |     2 ||     7
       Conjure Flame     |       |     2 |       ||     2
       Fireball          |       |       |     1 ||     1
Evoke: Wand              |       |       |     2 ||     2
  Use: Scroll            |     3 |     6 |       ||     9
  Eat: Chunk             |     2 |    10 |       ||    12
       Ration            |       |     1 |     1 ||     2
Armor: Robe              |     2 |    16 |     8 ||    26
Dodge: Dodged            |    15 |    50 |    28 ||    93
